 Dungeon Crawl Stone Soup version 0.29-a0-1043-g569b05d6ff (webtiles) character file.

Game seed: 1623632053897687074

75 Nedwor the Twirler (level 4, -3/27 HPs)
             Began as a Gargoyle Gladiator on Aug 16, 2022.
             Slain by a gnoll
             ... wielding a +0 flail
              (7 damage)
             ... on level 2 of the Dungeon.
             The game lasted 00:01:28 (1205 turns).

Nedwor the Twirler (Gargoyle Gladiator)             Turns: 1205, Time: 00:01:28

Health: -3/27      AC:  7    Str: 19    XL:     4   Next: 31%
Magic:  4/4        EV: 12    Int:  9    God:
Gold:   81         SH:  0    Dex: 11    Spells: 3/3 levels left

rFire   . . .      SeeInvis .   a - +0 quarterstaff
rCold   . . .      Faith    .   (shield currently unavailable)
rNeg    + . .      Spirit   .   b - +0 leather armour
rPois   ∞          Reflect  .   c - +0 helmet
rElec   +          Harm     .   (no cloak)
rCorr   .          Rampage  .   (no gloves)
Will    .....                   (no boots)
Stlth   +.........              (no amulet)
HPRegen 0.09/turn               (no ring)
MPRegen 0.09/turn               (no ring)

@: no status effects
A: sickness immunity, AC +3, negative energy resistance 1, electricity
resistance, torment resistance 1, petrification resistance
a: no special abilities


You were on level 2 of the Dungeon.
You visited 1 branch of the dungeon, and saw 2 of its levels.

You collected 81 gold pieces.

Inventory:

Hand Weapons
 a - a +0 quarterstaff (weapon)
Missiles
 d - 3 throwing nets (quivered)
 e - a javelin
Armour
 b - a +0 leather armour (worn)
 c - a +0 helmet (worn)
Jewellery
 i - an amulet of faith
Wands
 l - a wand of digging (8)
Scrolls
 f - a scroll of fog {unknown}
 g - 3 scrolls of identify {unknown}
 m - a scroll of amnesia {unknown}
Potions
 h - 2 potions of brilliance {unknown}
 j - a potion of flight {unknown}
 k - 2 potions of mutation {unknown}


   Skills:
 + Level 2.8 Fighting
 * Level 3.9 Staves
 - Level 1.7 Throwing
 + Level 1.5 Armour
 + Level 2.8 Dodging


You had 3 spell levels left.
You didn't know any spells.
Your spell library was empty.

Dungeon Overview and Level Annotations

Branches:
Dungeon (2/15)

Altars:


Innate Abilities, Weirdness & Mutations

You are immune to sickness and miasma.
Your stone body is resilient. (AC +3)
You are immune to poison.
You resist negative energy. (rN+)
You are resistant to electric shocks. (rElec)
You are resistant to unholy torment.
You are immune to petrification.


Message History

The gnoll shouts!
You hear a shout!
There are monsters nearby!
There are monsters nearby!
A gnoll comes into view. It is wielding a +0 flail.
The gnoll shouts!
A gnoll comes into view. It is wielding a +0 halberd.
An adder comes into view.
The adder hisses angrily.
The gnoll hits you with a +0 spear.
You hit the gnoll.
The gnoll is lightly wounded.
The gnoll hits you but does no damage.
The gnoll hits you with a +1 flail of protection.
You sock the gnoll!
The gnoll is severely wounded.
The gnoll hits you with a +1 flail of protection.
A frilled lizard comes into view.
You closely miss the gnoll.
The gnoll is severely wounded.
The gnoll misses you.
The gnoll hits you from afar with a +0 halberd!
* * * LOW HITPOINT WARNING * * *
The gnoll barely misses you.
You are too injured to fight recklessly!
You are too injured to fight recklessly!
Unknown command.
You are too injured to fight recklessly!
Unknown command.
You are too injured to fight recklessly!
You are too injured to fight recklessly!
Unknown command.
You are too injured to fight recklessly!
Unknown command.
You are too injured to fight recklessly!
Unknown command.
You are too injured to fight recklessly!
Unknown command.
You are too injured to fight recklessly!
The gnoll attacks as you move away! The gnoll hits you with a +0 flail!
You die...

#.##...# ... ##.##...#
#.###### ##.##...#
#......##
##.##...########.....(#
............>..)......##
##.#....#.##.###.........
##.#....#.##.# #.........
...........#.# #......###
...<.####....# #@g......
#..######.#..# #gg.....##
#.........#..# #Sg.....#
#.##########.# #.......#
# ... ..#####.# #.###.#
.# #.. #l# .. #.#


You could see 4 gnolls, an adder and a frilled lizard.

Vanquished Creatures
  Jessica (D:2)
  A worm (D:2)
  A dart slug (D:1)
  3 ball pythons
  5 bats (D:1)
  An endoplasm (D:1)
  4 goblins
  4 hobgoblins (D:1)
  7 jackals (D:1)
  4 quokkas (D:1)
  A frilled lizard (D:1)
  2 kobolds
  5 rats
39 creatures vanquished.

Vanquished Creatures (others)
  A fungus (D:1)
  A plant (D:1)
2 creatures vanquished.

Grand Total: 41 creatures vanquished

Notes
Turn   | Place    | Note
-------+----------+-------------------------------------------
     0 | D:1      | Nedwor the Gargoyle Gladiator began the quest for the Orb.
     0 | D:1      | Reached XP level 1. HP: 12/12 MP: 1/1
   155 | D:1      | Reached XP level 2. HP: 18/18 MP: 2/2
   236 | D:1      | Reached skill level 1 in Armour
   244 | D:1      | Reached XP level 3. HP: 11/22 MP: 3/3
   442 | D:1      | Found a faded altar of an unknown god.
  1032 | D:2      | Noticed Jessica
  1040 | D:2      | Killed Jessica
  1041 | D:2      | Reached XP level 4. HP: 19/27 MP: 4/4
  1205 | D:2      | Slain by a gnoll

Illustrated notes

Levels and vault maps discovered:
D:1:      nicolae_arrival_washed_ashore, layout_basic,
          dreamdust_ecumenical_altar_grove
D:2:      layout_basic, uniq_jessica

Skill      XL: |  1  2 |
---------------+-------+-----
Armour         | 1 |  1.5
Fighting       | |  2.8
Staves         | |  3.9
Throwing       | |  1.7
Dodging        | |  2.8

Action                   |  1- 3 |  4- 6 || total
-------------------------+-------+-------++-------
Melee: Quarterstaff      |   101 |    18 ||   119
Armor: Leather armour    |    36 |     5 ||    41
Dodge: Dodged            |    66 |     7 ||    73

Table legend: (Time is in decaauts)
 A = Elapsed time spent in this place.
 B = Non-inter-level travel time spent in this place.
 C = Inter-level travel time spent in this place.
 D = Time resting spent in this place.
 E = Time spent auto-exploring this place.
 F = Levels seen in this place.
 G = Mean time per level.
                   A        B        C        D        E       F      G
               +--------+--------+--------+--------+--------+-----+--------+
         Total |   1219 |   1168 |     51 |    240 |    696 |   2 |  609.5 |
       Dungeon |   1219 |   1168 |     51 |    240 |    696 |   2 |  609.5 |
               +--------+--------+--------+--------+--------+-----+--------+

Top non-repeatable levels by time:
     D:1: 1039 daAuts
     D:2: 180 daAuts
